Map: Catalyst LE

Players

Senwyn - Winner!

  • Race: Zerg Zerg
  • League: Platinum
  • Spawn Location: 5:00

kastle

  • Race: Zerg Zerg
  • League: Platinum
  • Spawn Location: 11:00

VOD

Have the link to the VOD?

Description

Time

  • Played on: Jan. 8, 2018, 2:40 a.m.
  • Length: 20:01
Show
View Real Time Build Order
Export as new Build Order

Senwyn Zerg - Winner!

Build Orders: Hatch First 

Get SALT Encoding   

  12  0:01  Drone  
  13  0:08  Drone  
  14  0:16  Overlord  
  14  0:35  Drone x3  
  17  1:04  Hatchery  
  16  1:14  Spawning Pool  
  16  1:16  Drone x2, Extractor  
  16  1:19  Drone  
  17  1:36  Drone  
  18  1:46  Drone  
  19  2:06  Queen  
  19  2:07  Zergling x2  
  22  2:12  Overlord  
  22  2:16  Metabolic Boost  
  22  2:27  Queen  
  23  2:39  Drone x5  
  23  2:40  Drone  
  29  2:50  Drone x2  
  31  3:01  Baneling Nest  
  30  3:19  Spine Crawler  
  29  3:24  Overlord  
  29  3:38  Overlord  
  29  3:42  Queen  
  29  3:44  Queen  
  29  3:45  Drone x3  
  36  3:48  Overlord x2  
  35  4:09  Roach Warren  
  34  4:11  Drone x2, Evolution Chamber  
  34  4:12  Drone x5  
  34  4:13  Drone x2  
  42  4:40  Spore Crawler  
  42  4:42  Spore Crawler  
  40  4:51  Zerg Missile Weapons Level 1  
  40  4:55  Drone, Extractor  
  40  4:56  Drone x4  
  44  5:20  Roach x6  
  44  5:21  Roach  
  58  5:24  Unknown  
  58  5:25  Overlord  
  58  5:26  Overlord x2  
  58  5:42  Overlord x2  
  58  5:45  Roach x4  
  58  5:46  Roach x3  
  58  5:47  Roach  
  74  5:56  Roach  
  76  5:58  Roach  
  78  6:06  Roach  
  78  6:08  Roach  
  78  6:09  Roach  
  84  6:16  Roach  
  86  6:20  Roach  
  86  6:21  Zergling x8  
  92  6:32  Zergling x4  
  94  6:36  Zergling x4  
  94  6:37  Zergling x4  
  98  6:48  Overlord  
  98  6:49  Zergling x4  
  93  7:06  Roach x4  
  93  7:07  Roach x2  
  72  7:17  Zergling x10  
  75  7:26  Roach x2  
  75  7:29  Baneling x4  
  79  7:30  Baneling  
  79  7:34  Roach x3  
  73  8:06  Roach x2  
  73  8:07  Roach x5  
  80  8:36  Roach x3  
  80  8:37  Roach x4  
  94  8:42  Roach  
  94  8:45  Drone x2  
  98  8:53  Roach x2  
  100  9:13  Lair  
  100  9:30  Hatchery  
  99  9:40  Zerg Ground Armor Level 1  
  99  9:44  Drone x2, Evolution Chamber  
  99  9:45  Drone, Extractor  
  100  9:54  Overlord x2  
  100  9:55  Overlord x2  
  100  10:00  Extractor  
  99  10:10  Hatchery  
  98  10:34  Roach x6  
  98  10:35  Roach x6  
  122  10:36  Roach  
  124  10:48  Overseer  
  124  10:51  Overseer  
  124  11:16  Glial Reconstitution  
  124  11:37  Roach x6  
  124  11:38  Roach x4  
  143  12:08  Queen  
  142  12:20  Overseer x2  
  142  12:47  Roach  
  142  12:48  Spine Crawler x2  
  142  12:51  Spine Crawler x3, Roach x2  
  142  12:52  Spine Crawler x2  
  142  12:53  Spine Crawler  
  122  13:07  Zergling x2  
  122  13:08  Zergling x16  
  122  13:09  Zergling x6  
  122  13:11  Centrifical Hooks  
  128  13:52  Overlord  
  128  13:53  Overlord  
  102  14:16  Zergling x6  
  102  14:17  Zergling x14  
  105  14:18  Zergling x10  
  105  14:19  Baneling x5  
  105  14:20  Baneling x8  
  105  14:21  Baneling x4  
  105  14:22  Baneling x4  
  91  14:29  Zergling x12  
  85  14:37  Zergling x2  
  86  14:39  Overseer x2  
  86  14:42  Baneling x2  
  86  14:43  Baneling x8  
  86  14:44  Baneling x3  
  86  14:49  Zergling x8  
  90  15:08  Baneling x5  
  90  15:09  Baneling x8  
  90  15:10  Baneling x2  
  90  15:16  Baneling x3  
  46  15:43  Roach  
  46  15:44  Roach x3  
  54  15:51  Drone x2  
  56  16:04  Zergling x2  
  56  16:05  Roach  
  58  16:28  Roach  
  58  16:29  Roach x3  
  58  16:32  Roach  
  61  17:01  Roach x3  
  61  17:02  Roach x2  
  71  17:12  Roach  
  73  17:22  Drone x3  
  76  17:23  Drone  
  76  17:39  Overseer  
  76  17:51  Roach x3  
  76  17:52  Roach  
  76  17:56  Roach  
  82  18:06  Roach x2  
  82  18:09  Drone  
  87  18:24  Drone x4  
  87  18:25  Drone  
  91  19:07  Roach x4  
  91  19:08  Roach x5  
  109  19:11  Extractor  
  109  19:13  Extractor  
  107  19:24  Hydralisk Den  
  107  19:26  Spore Crawler  
Show
View Real Time Build Order
Export as new Build Order

kastle Zerg 

Build Orders: Pool First, Lurkers 

Get SALT Encoding   

  12  0:02  Drone  
  13  0:13  Overlord  
  13  0:17  Drone  
  14  0:22  Extractor  
  14  0:24  Drone  
  15  0:31  Drone  
  16  0:45  Spawning Pool  
  16  0:47  Drone  
  16  0:51  Extractor  
  16  0:53  Drone  
  16  1:16  Hatchery  
  15  1:22  Drone  
  15  1:25  Drone  
  17  1:27  Drone  
  18  1:33  Drone  
  19  1:46  Queen  
  21  1:53  Overlord  
  21  1:57  Drone  
  22  2:13  Metabolic Boost  
  22  2:29  Queen  
  24  2:43  Zergling x6  
  27  2:53  Drone x3  
  27  2:55  Drone  
  27  2:58  Lair  
  31  3:00  Extractor  
  31  3:01  Drone  
  31  3:02  Drone  
  32  3:10  Extractor  
  31  3:19  Drone x3  
  34  3:22  Drone x2  
  36  3:32  Spine Crawler  
  35  3:38  Evolution Chamber  
  35  3:40  Drone x2, Overlord  
  36  3:52  Spore Crawler  
  36  3:54  Spore Crawler  
  34  4:05  Zerg Missile Weapons Level 1  
  34  4:09  Hydralisk Den  
  33  4:10  Drone  
  33  4:12  Drone x4  
  38  4:18  Drone  
  38  4:21  Drone  
  38  4:22  Drone  
  41  4:26  Drone  
  41  4:30  Overlord  
  42  4:34  Drone  
  42  4:37  Drone  
  44  4:41  Overlord  
  44  4:49  Muscular Augments  
  44  4:58  Queen  
  46  5:00  Drone x3  
  49  5:07  Overseer  
  49  5:13  Hydralisk x2  
  49  5:14  Hydralisk  
  51  5:16  Zergling x2  
  51  5:17  Drone  
  57  5:41  Hydralisk  
  59  5:43  Overlord  
  59  5:44  Overlord  
  59  5:52  Lurker Den  
  57  6:03  Evolution Chamber  
  57  6:04  Hydralisk x6, Roach Warren  
  67  6:12  Hydralisk x3  
  67  6:16  Zergling x2  
  67  6:17  Zergling x2  
  75  6:26  Overlord  
  73  6:33  Hydralisk  
  75  6:43  Hydralisk  
  75  6:44  Hydralisk x2  
  75  6:45  Hydralisk  
  83  6:53  Zerg Missile Weapons Level 2  
  79  7:07  Hydralisk x3  
  64  7:18  Zergling x2  
  64  7:19  Zergling x12  
  64  7:20  Zergling x2  
  64  7:21  Hydralisk  
  74  7:29  Lurker  
  75  7:30  Zergling x2  
  75  7:33  Hydralisk  
  76  7:51  Hydralisk x3  
  78  8:05  Queen  
  67  8:35  Hydralisk x2  
  67  8:36  Hydralisk x4  
  67  8:38  Zergling x4  
  79  8:44  Drone  
  79  8:46  Hatchery x2  
  78  9:05  Hatchery  
  78  9:08  Hydralisk x3  
  82  9:14  Hydralisk  
  84  9:18  Overlord  
  84  9:19  Overlord  
  84  9:20  Extractor  
  83  9:35  Infestation Pit  
  82  9:40  Hydralisk x2  
  86  9:45  Drone  
  86  9:46  Drone x2  
  86  9:50  Hydralisk x2  
  93  10:00  Hydralisk x2  
  93  10:03  Zergling x14  
  104  10:10  Zerg Melee Weapons Level 1  
  102  10:23  Hydralisk x3  
  108  10:34  Hydralisk x2  
  112  10:41  Hatchery  
  110  11:19  Overlord x4  
  110  11:20  Overlord  
  110  11:23  Drone  
  110  11:24  Overlord  
  110  11:25  Overlord  
  111  11:42  Lurker  
  112  11:49  Hydralisk x9  
  123  12:07  Overlord x2  
  123  12:08  Overlord  
  123  12:21  Lurker x4  
  123  12:22  Lurker x2  
  126  12:31  Hydralisk x3  
  126  12:34  Zergling x4  
  134  12:42  Drone x4  
  138  12:45  Drone  
  137  13:09  Hydralisk x5  
  146  13:36  Hydralisk  
  146  13:37  Hydralisk x6  
  140  14:09  Hydralisk x5  
  118  14:50  Hatchery  
  63  15:42  Hydralisk x3  
  28  16:03  Hydralisk  
  30  16:04  Hydralisk  
  30  16:10  Lurker  
  33  16:11  Lurker  
  33  16:16  Zergling x2  
  27  16:48  Hydralisk x2  
  27  16:49  Hydralisk  
  33  16:54  Drone  
  34  17:04  Unknown x2  
  34  17:05  Unknown x4  
  34  17:15  Hydralisk  
  34  17:20  Hydralisk  
  36  17:50  Hydralisk  
  38  17:52  Hydralisk  
  39  18:44  Unknown x3  
  39  19:01  Hydralisk x3  
  45  19:15  Hydralisk  
Tags
 
Composition
Lurkers
Matchup
ZvZ
Race
Zerg
Spawn Locations
Cross Positions
Add a new tag
Caveats
  • Supply blocks, unpowered buildings, or Contaminate may cause inaccurate times.
  • Supply counts are checked every 10 seconds.